 Dungeon Crawl Stone Soup version 0.25-a0-413-g3b4b6a4ccc (webtiles) character file.

Game seed: 15926650285525754190, levelgen mode: deterministic

0 Gargoyl the Skirmisher (level 1, -9/19 HPs)
             Began as a Centaur Abyssal Knight on Jan 14, 2020.
             Was a Follower of Lugonu.
             Mangled by an ancient zyme (13 damage)
             ... on level 3 of the Abyss.
             The game lasted 00:00:49 (156 turns).

Gargoyl the Skirmisher (Centaur Abyssal Knight)      Turns: 156, Time: 00:00:50

Health: -9/19      AC:  4    Str: 14    XL:     1   Next: 0%
Magic:  2/2        EV:  9    Int: 11    God:    Lugonu [*.....]
Gold:   48         SH:  0    Dex:  8    Spells: 0/0 levels left

rFire    . . .     SeeInvis .   a - +1 hand axe
rCold    . . .     Gourm    .   (no shield)
rNeg     . . .     Faith    .   b - +0 leather armour
rPois    .         Spirit   .   (no helmet)
rElec    .         Reflect  .   (no cloak)
rCorr    .         Harm     .   (no gloves)
MR       .....                  (no barding)
Stlth    ..........             (no amulet)
HPRegen  0.06/turn              (no ring)
MPRegen  0.08/turn              (no ring)

@: very quick
A: large, hooves 3, deformed body, speed 2, tough skin 3
a: Depart the Abyss, Renounce Religion


You were on level 3 of the Abyss.
You worshipped Lugonu.
Lugonu was aware of your devotion.
You were not hungry.

You visited 0 branches of the dungeon, and saw 0 of its levels.
You visited the Abyss 1 time.

You collected 48 gold pieces.

Inventory:

Hand Weapons
 a - a +1 hand axe (weapon)
Armour
 b - a +0 leather armour (worn)
Miscellaneous
 d - a box of beasts
Comestibles
 c - 2 rations


   Skills:
 + Level 3.0 Fighting
 + Level 1.7 Axes
 + Level 1.3 Armour
 + Level 0.6 Dodging
 + Level 2.0 Invocations


You couldn't memorise any spells.
You didn't know any spells.
Your spell library was empty.

Dungeon Overview and Level Annotations

Branches:
Dungeon (0/15)

Altars:


Innate Abilities, Weirdness & Mutations

You have hooves in place of feet.
Armour fits poorly on your strangely shaped body.
You cover ground very quickly.
You have extremely tough skin. (AC +3)


Message History

Your larval oxfire beast barely misses the large abomination. x2
Tentacles burst from the starspawn's body! 2 starspawn tentacles come into view.
Your larval oxfire beast breathes flames at the large abomination.
The blast of flame hits the large abomination.
You start to feel less resistant.
An ancient zyme and a large abomination come into view.
You feel yourself growing ill in the presence of the ancient zyme.
The ancient zyme hits you but does no damage.
The ancient zyme hits you!
Ouch! That really hurt!
* * * LOW HITPOINT WARNING * * *
A worldbinder comes into view.
A worldbinder comes into view.
Your resistance to elements expires.
The ancient zyme hits you.
* * * LOW HITPOINT WARNING * * *
The ancient zyme hits you!
Ouch! That really hurt!
You die...

#......###.##≈#
.
...#....#..#.≈..
#...X#.
.##..§≈.#
#.......# ..≈##.
####.##.# ......
##...#≈≈.### #
#.......≈#
§x#.x.###.≈#
#.@...# .
##...#..≈≈
...##≈≈≈. ###.#
x♣. #.. ≈≈ #..
.. ##.


You could see an ancient zyme and a worldbinder.

Vanquished Creatures (others)
  A starspawn tentacle (Abyss:3)
1 creature vanquished.

Notes
Turn   | Place    | Note
-------+----------+-------------------------------------------
     0 | Abyss:1  | Gargoyl the Centaur Abyssal Knight began the quest for the
                  | Orb.
     0 | Abyss:1  | Reached XP level 1. HP: 19/19 MP: 2/2
    53 | Abyss:2  | Found a transporter.
    54 | Abyss:2  | Noticed a tentacled starspawn
    54 | Abyss:2  | Noticed a raiju
    55 | Abyss:2  | Found a transporter.
    55 | Abyss:2  | Noticed a tentacled monstrosity
    55 | Abyss:2  | Noticed a quasit
    55 | Abyss:2  | Noticed an apocalypse crab
    56 | Abyss:2  | Found a corrupted altar of Lugonu.
    56 | Abyss:2  | Noticed a wretched star
    56 | Abyss:2  | Noticed a neqoxec
    56 | Abyss:2  | Noticed a lich
   117 | Abyss:3  | Noticed a vampire
   127 | Abyss:3  | Noticed a large abomination
   138 | Abyss:3  | Noticed a tentacled starspawn
   150 | Abyss:3  | Noticed an ancient zyme
   150 | Abyss:3  | Noticed a large abomination
   153 | Abyss:3  | Noticed a worldbinder
   156 | Abyss:3  | Noticed a worldbinder
   156 | Abyss:3  | Mangled by an ancient zyme

Levels and vault maps discovered:
Abyss:3

Action                   || total
-------------------------++-------
Evoke: Box of beasts     ||     2
  Use: Potion            ||     2
Armor: Leather armour    ||     1

Table legend:
 A = Non-vault XP
 B = Vault XP
 C = Vault XP percentage of total XP
 D = Non-vault monster count
 E = Vault monster count
 F = Vault count percentage of total count
                 A         B        C        D         E       F
            +---------+---------+-------+---------+---------+-------
      Total |       0 |       0 |   N/A |       0 |       0 |  -nan
            +---------+---------+-------+---------+---------+-------
            +---------+---------+-------+---------+---------+-------
